 Dungeon Crawl Stone Soup version 0.23.2 (webtiles) character file.

Game seed: 2907807392768639152

245 Borgoz the Skirmisher (level 6, -4/39 HPs)
             Began as a Kobold Fighter on Apr 12, 2019.
             Splashed by a jelly's acid (5 damage)
             ... on level 5 of the Dungeon.
             The game lasted 00:06:49 (3668 turns).

Borgoz the Skirmisher (Kobold Fighter)              Turns: 3668, Time: 00:06:50

Health: -4/39      AC: -7    Str: 15    XL:     6   Next: 32%
Magic:  6/6        EV: 28    Int:  9    God:
Gold:   222        SH:  0    Dex: 15    Spells: 4/5 levels left

rFire    . . .     SeeInvis .   a - +0 rapier
rCold    . . .     Gourm    .   (shield restricted)
rNeg     . . .     Faith    .   b - +0 scale mail
rPois    .         Spirit   .   (no helmet)
rElec    .         Reflect  .   j - +0 cloak
rCorr    .         Harm     .   (no gloves)
MR       .....                  (no boots)
Stlth    +.........             w - amulet of the acrobat
HPRegen  0.13/turn              (no ring)
MPRegen  0.10/turn              (no ring)

@: corroded, acrobat
A: small, carnivore
a: no special abilities


You were on level 5 of the Dungeon.
You were completely stuffed.

You visited 1 branch of the dungeon, and saw 5 of its levels.

You collected 222 gold pieces.

Inventory:

Hand Weapons
 a - a +0 rapier (weapon)
 y - the +5 long sword of Osor {distort, rPois Int+6, unknown}
   (You found it on level 4 of the Dungeon)

   It warps and distorts space around it.
   Unwielding it can cause banishment or high damage.
   It affects your intelligence (+6).
   It protects you from poison.
Armour
 b - a +0 scale mail (worn)
 c - a +0 shield
 j - a +0 cloak (worn)
Jewellery
 o - an uncursed ring of fire
 w - an amulet of the acrobat (around neck)
Wands
 t - a wand of acid (8)
 B - a wand of iceblast (6)
Scrolls
 e - a scroll of random uselessness {unknown}
 i - a scroll of remove curse
 k - 2 scrolls of noise {unknown}
 l - 2 scrolls of blinking {unknown}
 m - a scroll of fear {unknown}
 p - 2 scrolls of teleportation {unknown}
 q - 3 scrolls of enchant armour {unknown}
 u - a scroll of enchant weapon {unknown}
 A - a scroll of identify
Potions
 d - a potion of might
 g - 3 potions of lignification
 h - a potion of flight {unknown}
 n - 2 potions of haste
 r - 3 potions of berserk rage
 s - 2 potions of curing
 v - a potion of ambrosia {unknown}
 x - 2 potions of heal wounds {unknown}
Comestibles
 f - 6 rations


   Skills:
 + Level 4.4 Fighting
 + Level 4.2 Short Blades
 + Level 3.2 Armour
 + Level 2.8 Dodging
 + Level 3.4 Stealth
 - Level 2.4 Shields


You had 4 spell levels left.
You knew the following spells:

 Your Spells              Type           Power        Failure   Level  Hunger
a - Confusing Touch       Hex            #.....       83%         1    ##.....

Your spell library contained the following spells:

 Spells                   Type           Power        Failure   Level  Hunger
 Animate Skeleton         Necr           N/A          83%         1    ##.....
 Apportation              Tloc           #.....       83%         1    ##.....
 Summon Small Mammal      Summ           #...         83%         1    ##.....


Dungeon Overview and Level Annotations

Branches:
Dungeon (5/15)
 Temple: D:4-7

Altars:
Okawaru

Annotations:
D:4 2 transporters, Pad's ghost, amateur MfSk


Innate Abilities, Weirdness & Mutations

You are small and have problems with some larger weapons.
You are carnivorous and can eat meat at any time.


Message History

The crimson imp blinks!
You hit the jelly. The acid corrodes you!
Your hands burn!
The jelly is lightly wounded.
The leopard gecko bites you. The jelly hits you.
You are splashed with acid!
The leopard gecko closely misses you.
All of the chunks of flesh in your inventory have rotted away.
The crimson imp sputters.
You are too injured to fight recklessly!
The crimson imp blinks!
Found a stone staircase leading up.
You are too injured to fight recklessly!
You are too injured to fight recklessly!
You hit the jelly. The acid corrodes you!
Your hands burn!
The jelly is moderately wounded.
The jelly hits you. The acid corrodes you!
You are splashed with acid!
* * * LOW HITPOINT WARNING * * *
Unknown command.
Found an escape hatch in the ceiling.
You hit the jelly.
Your hands burn!
You die...

. ...... .. #.# ..?... .. # ...
...... #.#. #.###...... #...#
#.#........ .###...#####
#.....(....
.......@Jl.###.##.......
<.....####..##.##....... ..<..
##............. ....
###.>......... # .##
##.#.###..... ##. #..#.# .....
###...#############.##.#.#####.
.......<.................#
.#..#########.##....##.###


You could see a jelly and a leopard gecko.

Vanquished Creatures
  A centaur skeleton (D:4)
  Terence (D:3)
  A worker ant (D:4)
  2 hound skeletons (D:4)
  5 adders
  An ooze (D:3)
  2 worms
  2 dart slugs
  A leopard gecko (D:2)
  7 orcs
  4 giant cockroaches
  3 goblins
  6 hobgoblins
  10 jackals
  4 quokkas
  2 ball pythons
  10 bats
  8 frilled lizards
  A jackal skeleton (D:4)
  3 kobolds
  A leopard gecko skeleton (D:4)
  3 rats
  10 plants (D:2)
88 creatures vanquished.

Notes
Turn   | Place    | Note
-------+----------+-------------------------------------------
     0 | D:1      | Borgoz the Kobold Fighter began the quest for the Orb.
     0 | D:1      | Reached XP level 1. HP: 14/14 MP: 1/1
   117 | D:1      | Reached XP level 2. HP: 14/19 MP: 2/2
   201 | D:1      | Reached skill level 1 in Stealth
   436 | D:1      | Reached skill level 1 in Dodging
   572 | D:1      | Reached XP level 3. HP: 23/23 MP: 3/3
  1133 | D:2      | Reached XP level 4. HP: 29/29 MP: 4/4
  1201 | D:2      | Learned a level 1 spell: Confusing Touch
  1953 | D:3      | Noticed Terence
  2461 | D:3      | Reached XP level 5. HP: 33/33 MP: 5/5
  2599 | D:3      | Killed Terence
  2899 | D:3      | Found an iron altar of Okawaru.
  3130 | D:4      | Reached XP level 6. HP: 36/38 MP: 6/6
  3195 | D:4      | Found a transporter.
  3198 | D:4      | Noticed Pad's ghost (amateur MfSk)
  3207 | D:4      | Noticed an ogre
  3208 | D:4      | Found a transporter.
  3282 | D:4      | Got an ebony long sword
  3621 | D:5      | Entered Level 5 of the Dungeon
  3666 | D:5      | HP: 1/39 [acid (11)]
  3668 | D:5      | Splashed by a jelly's acid

Skill      XL: |  1  2  3  4  5 |
---------------+----------------+-----
Short Blades   | 3 4 |  4.2
Stealth        | 1 2 3 |  3.4
Dodging        | 1 2 |  2.8
Fighting       | 4 |  4.4
Armour         | 3 |  3.2
Shields        | |  2.4

Action                   |  1- 3 |  4- 6 || total
-------------------------+-------+-------++-------
Melee: Rapier            |   115 |   670 ||   785
Throw: Throwing net      |       |     1 ||     1
  Use: Scroll            |       |     6 ||     6
 Stab: Sleeping          |       |     1 ||     1
  Eat: Chunk             |     3 |    16 ||    19
Armor: Scale mail        |    64 |    78 ||   142
Dodge: Dodged            |    88 |   120 ||   208
